 Dungeon Crawl Stone Soup version 0.29-a0-330-g52719c12eb (webtiles) character file.

Game seed: 6552308336096784473

1983 Armakuni the Cruncher (level 9, -9/66 HPs)
             Began as a Human Fighter on Apr 14, 2022.
             Was an Initiate of Elyvilon.
             Mangled by a two-headed ogre
             ... wielding a +0 giant club
              (22 damage)
             ... on level 6 of the Dungeon.
             The game lasted 00:19:11 (7927 turns).

Armakuni the Cruncher (Human Fighter)               Turns: 7927, Time: 00:19:11

Health: -9/66      AC:  9    Str: 28    XL:     9   Next: 44%
Magic:  9/9        EV: 11    Int: 12    God:    Elyvilon [......]
Gold:   421        SH:  0    Dex: 13    Spells: 8/8 levels left

rFire   . . .      SeeInvis .   a - +5 flail
rCold   . . .      Faith    .   g - orb {*Rage}
rNeg    . . .      Spirit   .   B - +1 robe "Viven" {Drain Regen+ Str+5 Archmagi}
rPois   .          Reflect  .   n - +0 helmet
rElec   .          Harm     .   (no cloak)
rCorr   .          Rampage  .   (no gloves)
Will    .....      Archmagi +   e - +0 pair of boots
Stlth   +......... Rage     20% (no amulet)
HPRegen 1.01/turn               V - +6 ring of strength
MPRegen 0.11/turn               P - +4 ring of protection

@: no status effects
A: no striking features
a: Renounce Religion


You were on level 6 of the Dungeon.
You worshipped Elyvilon.
Elyvilon was noncommittal.
You visited 2 branches of the dungeon, and saw 7 of its levels.

You collected 421 gold pieces.

Inventory:

Hand Weapons
 a - a +5 flail (weapon)
Missiles
 h - 4 boomerangs (quivered)
 j - 2 poisoned darts
 l - 5 javelins
 r - 5 boomerangs of dispersal
Armour
 c - a +0 buckler
 e - a +0 pair of boots (worn)
 g - an orb of wrath (worn)
 n - a +0 helmet (worn)
 B - the +1 robe "Viven" (worn) {Drain Regen+ Str+5 Archmagi}
   (You found it on level 6 of the Dungeon)

   Str:       It affects your strength (+5).
   Regen:     It increases your rate of health regeneration.
   Drain:     It drains your maximum health when unequipped.
   Archmagi:  It increases the power of your magical spells.
Magical Staves
 b - a staff of poison
Jewellery
 F - a ring of fire
 P - a +4 ring of protection (right hand)
 V - a +6 ring of strength (left hand)
Wands
 p - a wand of polymorph (8)
 v - a wand of flame (15)
Scrolls
 i - a scroll of summoning {unknown}
 q - 2 scrolls of teleportation
 t - 2 scrolls of enchant weapon
 x - a scroll of enchant armour {unknown}
 y - 2 scrolls of amnesia
Potions
 d - a potion of might
 f - a potion of curing
 k - 2 potions of flight
 o - a potion of invisibility {unknown}
 u - a potion of heal wounds {unknown}
 w - a potion of lignification
 z - a potion of haste {unknown}
 A - a potion of cancellation {unknown}


   Skills:
 - Level 4.4 Fighting
 - Level 3.8(7.8) Maces & Flails
 + Level 10.7(11.0) Staves
 - Level 3.0 Armour
 - Level 3.0 Shields


You had 8 spell levels left.
You didn't know any spells.
Your spell library contained the following spells:

 Spells                   Type           Power      Damage    Failure   Level
 Animate Skeleton         Necr           0%         N/A       32%         1
 Pain                     Necr           0%         1d4       32%         1
 Tukima's Dance           Hex            0%         N/A       69%         3
 Vampiric Draining        Necr           0%         2d6       69%         3
 Anguish                  Hex/Necr       0%         N/A       97%         4
 Enfeeble                 Hex            0%         N/A       100%        7


Dungeon Overview and Level Annotations

Branches:
Dungeon (6/15)             Temple (1/1) D:6

Altars:
Ashenzari
Cheibriados
Dithmenos
Elyvilon
Fedhas
Gozag
Hepliaklqana
Kikubaaqudgha
Nemelex Xobeh
Qazlal
Sif Muna
Trog
Uskayaw
Vehumet
Wu Jian
Xom
Zin
The Shining One
Beogh


Message History

You open the door.
There is an open door here.
You open the door.
There is an open door here.
You open the door. You open the door.
A two-headed ogre comes into view. It is wielding two +0 giant clubs.
The two-headed ogre shouts in stereo!
There is an open door here.
Aiming: Throw Flame
Press: ? - help, Shift-Dir - straight line, f - two-headed ogre
Aim: a two-headed ogre, wielding two +0 giant clubs (85% to hit)
The puff of flame hits the two-headed ogre.
The two-headed ogre is lightly wounded.
Okay, then.
Unknown command.
Okay, then.
Unknown command.
Aiming: Throw Flame
Press: ? - help, Shift-Dir - straight line, f/p - two-headed ogre
Aim: a two-headed ogre, wielding two +0 giant clubs (lightly wounded, 85% to hit)
The puff of flame hits the two-headed ogre.
The two-headed ogre is lightly wounded.
You hit the two-headed ogre.
The two-headed ogre is moderately wounded.
The two-headed ogre hits you with a +0 giant club!
The two-headed ogre hits you with a +0 giant club!!
You barely miss the two-headed ogre.
The two-headed ogre is moderately wounded.
You sock the two-headed ogre!
The two-headed ogre is heavily wounded.
The two-headed ogre hits you with a +0 giant club! x2
* * * LOW HITPOINT WARNING * * *
Okay, then.
Okay, then.
Unknown command.
You thump the two-headed ogre!
The two-headed ogre is severely wounded.
The two-headed ogre hits you with a +0 giant club!!
You die...

............<...........#..+...#.
...........................##.###
'####+####+###+####....######.###
..# #......#....#........# ..#
#......#....#........# ..#
#......+....#........# ..+
#......#....#........# ###
+#######O#....#.########
.......@....#####.......
............#...#.......
.............'...#....... #
######.............#+###.......
###........##+######........##+##
..#........ #........#...#
..#........ #........#...#
#'#........ ###........#...#
.......##+# ######.###.....##...#


You could see a two-headed ogre.

Vanquished Creatures
  An ice beast (D:6)
  5 ogres
  4 phantoms
  The ghost of A55 the Shooter, an amateur DEAM of Kikubaaqudgha (D:4)
  A gnoll sergeant (D:6)
  2 scorpions
  2 necrophages
  3 hounds
  4 orc priests
  A gnoll shaman (D:5)
  2 iguanas (D:5)
  Natasha (thrice) (D:2)
  5 orc wizards
  Robin (D:2)
  10 gnolls
  2 river rats (D:3)
  3 adders
  A white imp (D:5)
  2 worms
  A dart slug (D:3)
  31 orcs
  3 bats
  8 endoplasms
  3 giant cockroaches (D:3)
  14 goblins
  13 hobgoblins
  2 jackals (D:2)
  7 quokkas
  7 ball pythons
  3 frilled lizards
  5 kobolds
  6 rats
156 creatures vanquished.

Notes
Turn   | Place    | Note
-------+----------+-------------------------------------------
     0 | D:1      | Armakuni the Human Fighter began the quest for the Orb.
     0 | D:1      | Reached XP level 1. HP: 18/18 MP: 1/1
   213 | D:1      | Found a faded altar of an unknown god.
   229 | D:1      | Reached XP level 2. HP: 21/24 MP: 2/2
   633 | D:1      | Reached XP level 3. HP: 29/29 MP: 3/3
  1241 | D:2      | Reached XP level 4. HP: 21/37 MP: 4/4
  1587 | D:2      | Noticed Natasha
  1596 | D:2      | Killed Natasha
  1725 | D:2      | Reached XP level 5. HP: 42/42 MP: 5/5
  1850 | D:2      | Noticed Natasha
  1859 | D:2      | Killed Natasha
  2096 | D:2      | Noticed Robin
  2124 | D:2      | Killed Robin
  2125 | D:2      | Reached skill level 1 in Staves
  2403 | D:2      | Noticed Natasha
  2413 | D:2      | Killed Natasha
  2466 | D:2      | Reached skill level 2 in Staves
  3148 | D:3      | Noticed an ogre
  3158 | D:3      | Killed an ogre
  3159 | D:3      | Reached skill level 3 in Staves
  3159 | D:3      | Reached XP level 6. HP: 49/49 MP: 6/6
  3231 | D:3      | Found a hazy altar of Hepliaklqana.
  3242 | D:3      | Found a stormy altar of Qazlal.
  3546 | D:3      | Reached skill level 4 in Staves
  3739 | D:3      | Reached XP level 7. HP: 34/55 MP: 7/7
  4676 | D:4      | Reached skill level 5 in Staves
  4870 | D:4      | Reached skill level 6 in Staves
  5084 | D:4      | Found an opulent altar of Gozag.
  5084 | D:4      | Found an ornate altar of the Wu Jian Council.
  5084 | D:4      | Found a sparkling altar of Nemelex Xobeh.
  5084 | D:4      | Found a glowing silver altar of Zin.
  5094 | D:4      | Found a glowing golden altar of the Shining One.
  5096 | D:4      | Found a broken altar of Ashenzari.
  5219 | D:4      | Reached XP level 8. HP: 61/61 MP: 8/8
  5385 | D:4      | You fall into a shaft and drop 1 floor!
  5385 | D:5      | Entered Level 5 of the Dungeon
  5681 | D:4      | Found a runed translucent gate.
  5681 | D:4      | Found a runed translucent gate.
  5681 | D:4      | Found a runed translucent gate.
  5681 | D:4      | Noticed A55's ghost (amateur DEAM)
  5715 | D:4      | Killed A55's ghost
  5716 | D:4      | Reached skill level 7 in Staves
  6062 | D:5      | Reached skill level 8 in Staves
  6455 | D:5      | Reached skill level 9 in Staves
  6455 | D:5      | Reached XP level 9. HP: 66/66 MP: 9/9
  7382 | D:6      | Reached skill level 10 in Staves
  7553 | D:6      | Found a staircase to the Ecumenical Temple.
  7563 | Temple   | Entered the Ecumenical Temple
  7572 | Temple   | Became a worshipper of Elyvilon the Healer
  7800 | D:6      | Identified the +1 robe "Viven" {Drain Regen+ Str+5
                  | Archmagi}
  7920 | D:6      | Noticed a two-headed ogre
  7927 | D:6      | Mangled by a two-headed ogre

Illustrated notes

Levels and vault maps discovered:
D:1:      dpeg_arrival_leaves_temple_mockup, layout_loops_ring,
          dreamdust_ecumenical_altar_grove, hex_large,
          nicolae_figureground_pulse
D:2:      layout_loops_ring, uniq_robin, uniq_natasha
D:3:      layout_loops_corners, nzn_hepliaklqana_mist_gate,
          nicolae_qazlal_scattered_showers, portal_sewer_entry_e
D:4:      layout_loops_ring, minmay_overflow_temple_hex,
          biasface_ghost_orc_armoury, st_stairs_9, amethyst_killhole,
          minmay_ruptured
D:5:      wad_crossroads, layout_loops_corners, minmay_checkerbox
D:6:      layout_gridville, lemuel_mausoleum_altar_yredelemnul,
          minmay_temple_entry_slanted
Temple:   compressed_dpeg_circular_temple

Skill      XL: |  1  2  3  4  5  6  7  8  9 |
---------------+----------------------------+-----
Maces & Flails | 3 |  3.8
Fighting       | 4 |  4.4
Staves         | 3 4 6 9 10 | 10.7
Armour         | |  3.0
Shields        | |  3.0

Action                   |  1- 3 |  4- 6 |  7- 9 || total
-------------------------+-------+-------+-------++-------
Melee: Flail             |    87 |   130 |   228 ||   445
Throw: Dart              |     4 |       |       ||     4
       Throwing net      |       |     1 |     1 ||     2
Evoke: Wand              |       |     1 |    10 ||    11
  Use: Scroll            |       |     6 |     6 ||    12
       Potion            |       |       |     2 ||     2
 Stab: Held in net/web   |       |     1 |       ||     1
Armor: Scale mail        |    42 |    20 |       ||    62
       Leather armour    |       |     3 |       ||     3
       Ring mail         |       |    17 |    60 ||    77
       Robe              |       |       |     5 ||     5
       Skin              |       |       |     3 ||     3
Dodge: Dodged            |    39 |    70 |   108 ||   217
Block: Buckler           |    17 |       |       ||    17

Table legend: (Time is in decaauts)
 A = Elapsed time spent in this place.
 B = Non-inter-level travel time spent in this place.
 C = Inter-level travel time spent in this place.
 D = Time resting spent in this place.
 E = Time spent auto-exploring this place.
 F = Levels seen in this place.
 G = Mean time per level.
                   A        B        C        D        E       F      G
               +--------+--------+--------+--------+--------+-----+--------+
         Total |   8466 |   8131 |    335 |   2465 |   3924 |   7 | 1209.4 |
       Dungeon |   8371 |   8046 |    325 |   2465 |   3857 |   6 | 1395.2 |
        Temple |     94 |     84 |     10 |      0 |     67 |   1 |   94.0 |
               +--------+--------+--------+--------+--------+-----+--------+

Top non-repeatable levels by time:
     D:2: 2147 daAuts
     D:3: 1807 daAuts
     D:5: 1626 daAuts
     D:4: 1393 daAuts
     D:1: 913 daAuts
     D:6: 483 daAuts
  Temple: 94 daAuts
